 Dungeon Crawl Stone Soup version 0.25-a0-435-g4b9beb1024 (webtiles) character file.

Game seed: 7845072204078174492, levelgen mode: deterministic

225323 navillus the Warrior (level 18, -23/125 HPs)
             Began as a Gargoyle Fighter on Jan 27, 2020.
             Was the Champion of Okawaru.
             Killed from afar by Thargor's ghost (35 damage)
             ... with an iron shot
             ... on level 4 of the Spider Nest.
             The game lasted 02:33:18 (31781 turns).

navillus the Warrior (Gargoyle Fighter)            Turns: 31781, Time: 02:33:18

Health: -23/125    AC: 43    Str: 32 (35) XL:     18   Next: 85%
Magic:  18/18      EV:  9    Int:  6 (8)  God:    Okawaru [******]
Gold:   2125       SH: 17    Dex:  9      Spells: 17/17 levels left

rFire    + . .     SeeInvis .   a - +8 eveningstar of the Puffball {pain, rC+}
rCold    + + +     Gourm    +   y - +2 shield
rNeg     + . .     Faith    .   i - +4 chain mail {rPois}
rPois    ∞         Spirit   .   U - +0 helmet
rElec    +         Reflect  .   B - +1 cloak of the Camelopard {+Blink rElec Int-2}
rCorr    +         Harm     .   S - +1 pair of gloves {Str+3}
MR       +....                  J - +2 pair of boots
Stlth    ..........             F - amulet of the gourmand
HPRegen  0.30/turn              h - ring of resist corrosion
MPRegen  0.16/turn              P - ring of protection from cold

@: mighty, resistant
A: big wings, negative energy resistance 1, electricity resistance, unbreathing,
petrification resistance, rot immunity, AC +13
}: 2/15 runes: decaying, gossamer
a: Fly, Heroism, Finesse, Renounce Religion, Evoke Blink


You were on level 4 of the Spider Nest.
You worshipped Okawaru.
Okawaru was exalted by your worship.
You were very full.

You visited 5 branches of the dungeon, and saw 30 of its levels.
You also visited: Sewer, Ossuary and Ice Cave.

You collected 3229 gold pieces.
You spent 1104 gold pieces at shops.

Inventory:

Hand Weapons
 a - the +8 eveningstar of the Puffball (weapon) {pain, rC+}
   (Okawaru gifted it to you on level 4 of the Swamp)

   In the hands of one skilled in necromantic magic, it inflicts extra damage on
   living creatures.
   It protects you from cold.
 b - a +5 fustibalus of freezing
Missiles
 e - 66 stones
 v - 285 sling bullets (quivered)
Armour
 i - a +4 chain mail of poison resistance (worn)
 y - a +2 shield (worn)
 B - the +1 cloak of the Camelopard (worn) {+Blink rElec Int-2}
   (You found it on level 4 of the Dungeon)

   It affects your intelligence (-2).
   It insulates you from electricity.
   It lets you blink.
   If you remove this armour, your AC will fall 3 points (43 -> 40)
 J - a +2 pair of boots (worn)
 S - a +1 pair of gloves of strength (worn)
 U - a +0 helmet (worn)
Jewellery
 h - a ring of resist corrosion (left hand)
 F - an amulet of the gourmand (around neck)
 N - an uncursed amulet of the acrobat {unknown}
 P - a ring of protection from cold (right hand)
Wands
 m - a wand of iceblast (9)
 n - a wand of flame (70)
 w - a wand of digging (12)
 E - a wand of scattershot (2)
 L - a wand of polymorph (28)
 M - a wand of paralysis (7)
 O - a wand of acid (5)
 R - a wand of enslavement (5)
 X - a wand of random effects (9)
Scrolls
 j - 7 scrolls of fog
 l - 5 scrolls of amnesia
 q - 5 scrolls of enchant armour
 r - 12 scrolls of teleportation
 t - 2 scrolls of enchant weapon
 x - 6 scrolls of blinking
 z - 3 scrolls of acquirement
 C - 3 scrolls of identify
 D - 11 scrolls of remove curse
 H - 2 scrolls of holy word
 I - a scroll of silence
 K - 3 scrolls of brand weapon
 V - a scroll of summoning
 W - 3 scrolls of magic mapping
Potions
 c - 7 potions of ambrosia
 d - 2 potions of might
 g - 5 potions of agility
 k - 5 potions of brilliance
 o - a potion of invisibility
 s - 5 potions of resistance
 u - a potion of cancellation
 A - 3 potions of magic
 G - 3 potions of haste
 Q - 5 potions of berserk rage
Comestibles
 f - 52 rations


   Skills:
 + Level 18.1 Fighting
 * Level 14.7 Maces & Flails
 * Level 10.9 Slings
 + Level 18.1 Armour
 - Level 15.0 Shields


You had 17 spell levels left.
You didn't know any spells.
Your spell library contained the following spells:

 Spells                   Type           Power        Failure   Level  Hunger
 Animate Skeleton         Necr           N/A          80%         1    ##.....
 Apportation              Tloc           #.....       80%         1    ##.....
 Beastly Appendage        Tmut           #.....       80%         1    ##.....
 Corona                   Hex            #......      80%         1    ##.....
 Magic Dart               Conj           #...         80%         1    ##.....
 Sandblast                Erth           #.....       80%         1    ##.....
 Summon Butterflies       Summ           #.......     80%         1    ##.....
 Summon Small Mammal      Summ           #...         80%         1    ##.....
 Blink                    Tloc           N/A          90%         2    ###....
 Call Imp                 Summ           #.......     90%         2    ###....
 Corpse Rot               Necr/Air       N/A          90%         2    ###....
 Passwall                 Tmut/Erth      #.......     90%         2    ###....
 Slow                     Hex            #.......     90%         2    ###....
 Sticks to Snakes         Tmut           #.......     90%         2    ###....
 Call Canine Familiar     Summ           #.......     99%         3    ####...
 Conjure Flame            Conj/Fire      #.......     99%         3    ####...
 Ignite Poison            Fire/Tmut/Pois #.......     99%         3    ####...
 Lesser Beckoning         Tloc           #.........   99%         3    ####...
 Mephitic Cloud           Conj/Pois/Air  #.......     99%         3    ####...
 Spider Form              Tmut/Pois      #.........   99%         3    ####...
 Stone Arrow              Conj/Erth      #.....       99%         3    ####...
 Summon Guardian Golem    Hex/Summ       #.......     99%         3    ####...
 Tukima's Dance           Hex            #.......     99%         3    ####...
 Ice Form                 Ice/Tmut       #.......     100%        4    #####..
 Leda's Liquefaction      Hex/Erth       #.........   100%        4    #####..
 Petrify                  Tmut/Erth      #.......     100%        4    #####..
 Summon Ice Beast         Ice/Summ       #.......     100%        4    #####..
 Summon Lightning Spire   Summ/Air       #.......     100%        4    #####..
 Alistair's Intoxication  Tmut/Pois      #.......     100%        5    ######.
 Blade Hands              Tmut           #.........   100%        5    ######.
 Fireball                 Conj/Fire      #.........   100%        5    ######.
 Irradiate                Conj/Tmut      #.........   100%        5    ######.
 Lee's Rapid Deconstruct  Erth           #.........   100%        5    ######.
 Metabolic Englaciation   Hex/Ice        #.........   100%        5    ######.
 Summon Forest            Summ/Tloc      #.........   100%        5    ######.
 Eringya's Noxious Bog    Tmut/Pois      #.........   100%        6    #######
 Freezing Cloud           Conj/Ice/Air   #.........   100%        6    #######
 Hydra Form               Tmut           #.........   100%        6    #######
 Invisibility             Hex            #.......     100%        6    #######
 Ozocubu's Refrigeration  Ice            #.........   100%        6    #######
 Simulacrum               Ice/Necr       #.........   100%        6    #######
 Starburst                Conj/Fire      #.........   100%        6    #######
 Dragon Form              Tmut           #.........   100%        7    #######
 Ring of Flames           Chrm/Fire      #.........   100%        7    #######
 Summon Hydra             Summ           #.........   100%        7    #######
 Ignition                 Fire           #.........   100%        8    #######
 Statue Form              Tmut/Erth      Unusable     N/A         6    N/A

Dungeon Overview and Level Annotations

Branches:
Dungeon (15/15)            Temple (1/1) D:6            Lair (6/6) D:8
  Swamp (4/4) Lair:2       Spider (4/4) Lair:3        Slime (0/5) Lair:5
    Orc (0/2) D:12         Vaults (0/5) D:14         Depths (0/5) D:15
  Sewer (visited)         Ossuary (visited)           IceCv (visited)

Altars:
Ashenzari
Cheibriados
Dithmenos
Elyvilon
Fedhas
Gozag
Hepliaklqana
Kikubaaqudgha
Makhleb
Nemelex Xobeh
Okawaru
Qazlal
Ru
Sif Muna
Trog
Uskayaw
Vehumet
Wu Jian
Xom
Yredelemnul
Zin
The Shining One

Shops:
D:4 }   D:5 ![*   D:8 [   D:11 *(   D:13 %

Portals:
Trove: D:13 (give +3 ice dragon scales)

Annotations:
Spider:4 Thargor's ghost, adept GnFE


Innate Abilities, Weirdness & Mutations

You are resistant to torment.
Your stone body is resilient. (AC +13)
You are immune to poison.
Your large and strong wings let you fly indefinitely.
You resist negative energy. (rN+)
You are resistant to electric shocks. (rElec)
You can survive without breathing.
You are immune to petrification.
You are immune to rotting.


Message History

The floor.
You miss Thargor's ghost.
Thargor's ghost is moderately damaged.
Thargor's ghost hits you but does no damage.
You impale Thargor's ghost!!
Thargor's ghost is heavily damaged.
You block Thargor's ghost's attack.
You closely miss Thargor's ghost.
Thargor's ghost is heavily damaged.
You block Thargor's ghost's attack.
You miss Thargor's ghost.
Thargor's ghost is heavily damaged.
You block Thargor's ghost's attack.
You bludgeon Thargor's ghost!!
Thargor's ghost is severely damaged.
You bludgeon Thargor's ghost!!
Thargor's ghost is almost destroyed.
Thargor's ghost points at you and mumbles some strange words.
The iron shot hits you!!
You die...

####.........##
≈^###...^...##
..###..^#...##
≈..#######^..#
#..# ###.# #^.#
#.# #..# #.##
##.##
#.^############
.#..#
##^sW@........#
.#..##
#..#########.#
.##.≈#
#..#.......#.#
..#.^#
#^†#...#.=.#.#
..#..#
#s.Ws.#.#?.#.#
.##.≈#
#^.'.....".#.#
†#.≈.#
##.'.s#.#[.#.#
..≈.##
#.#...#.$.#.#
^..≈#
#.#.......#.#


You could see a tarantella and Thargor's ghost.

Vanquished Creatures
  5 thorn hunters
  Kirke (D:12)
  Gastronok (Lair:2)
  Roxanne (Spider:3)
  5 ghost moths
  12 emperor scorpions
  6 entropy weavers
  A white draconian (IceCv)
  A dire elephant (Lair:6)
  A spark wasp (Spider:2)
  Fannar (Lair:3)
  A yaktaur captain (D:15)
  A vault guard (D:14)
  27 hydras
  A catoblepas (Lair:6)
  A ghost crab (Swamp:3)
  2 centaur warriors
  Erica (Lair:2)
  7 two-headed ogres
  13 alligators
  10 death yaks
  A queen ant (Lair:5)
  A deep troll shaman (Lair:6)
  A tengu warrior (D:14)
  A spriggan berserker (Swamp:3)
  3 skeletal warriors (D:10)
  11 swamp dragons
  4 unseen horrors
  A spriggan druid (Swamp:1)
  Pikel (D:5)
  A necromancer (Lair:3)
  14 orb spiders
  3 ugly things (D:14)
  24 wolf spiders
  An orc knight (D:14)
  2 deep elf magi (D:14)
  13 elephants
  A cyclops (D:12)
  A manticore (D:11)
  Maurice (D:11)
  3 gargoyles
  4 black mambas
  2 torpor snails
  18 spiny frogs
  10 demonic crawlers
  An efreet (D:14)
  2 kobold demonologists (D:11)
  A rime drake (Lair:2)
  A yaktaur (D:15)
  7 komodo dragons
  A tengu conjurer (D:14)
  10 tyrant leeches
  32 jumping spiders
  8 trolls
  6 meliai
  12 polar bears
  A harpy zombie (D:13)
  7 hornets
  8 blink frogs
  18 slime creatures
  10 bog bodies
  A meliai zombie (D:12)
  10 dream sheep
  14 hippogriffs
  2 centaur simulacra (D:15)
  90 redbacks
  3 shadows
  40 tarantellas
  2 wraiths
  3 spriggans
  A vampire (D:14)
  A wyvern (D:15)
  3 hogs (D:12)
  64 yaks
  A basilisk (shapeshifter) (D:15)
  A hungry ghost (D:14)
  22 vampire mosquitoes
  Menkaure (D:5)
  17 swamp worms
  16 water moccasins
  25 soldier ants
  9 porcupines
  17 swamp drakes
  A meliai simulacrum (D:15)
  4 ice beasts
  6 orc warriors
  A phantom (D:10)
  2 sky beasts
  A hornet zombie (D:10)
  7 ogres
  16 wolves
  2 elephant zombies (Lair:3)
  8 centaurs
  15 crocodiles
  7 big kobolds
  2 elf zombies (Ossuary)
  17 bullfrogs
  A wyvern skeleton (D:6)
  4 scorpions
  3 electric eels
  4 wights (D:15)
  A bullfrog zombie (D:9)
  8 crimson imps
  5 howler monkeys
  2 quasits
  8 centaur zombies
  A hound (D:14)
  5 centaur skeletons
  5 orc priests
  3 basilisk zombies (Lair:3)
  2 bullfrog skeletons
  A gnoll shaman (D:6)
  4 jellies
  13 orc wizards
  6 hell rats (Lair:5)
  3 iguanas
  29 worker ants
  A killer bee zombie (D:7)
  3 hound skeletons
  3 mummies (Ossuary)
  A worker ant zombie (D:9)
  17 adders
  7 gnolls
  A howler monkey skeleton (D:6)
  A river rat (Sewer)
  2 shadow imps
  4 oozes (Sewer)
  4 adder zombies (Ossuary)
  2 adder skeletons (D:4)
  7 worms
  3 dart slugs
  5 leopard geckos
  75 orcs
  5 giant cockroaches
  16 hobgoblins
  8 jackals
  5 quokkas
  4 ball pythons
  A bat (D:3)
  4 frilled lizards
  A giant cockroach zombie (D:5)
  6 goblins
  6 goblin zombies (Ossuary)
  2 hobgoblin zombies (Ossuary)
  3 jackal zombies (Ossuary)
  16 kobolds
  6 kobold zombies (Ossuary)
  2 quokka skeletons
  A quokka zombie (Ossuary)
  5 rats
  6 rat zombies (Ossuary)
1119 creatures vanquished.

Vanquished Creatures (others)
  A ghost moth (Spider:4)
  A hydra (Swamp:4)
  A polar bear (IceCv)
  A redback (Spider:4)
  A slave (D:5)
  A swamp drake (Swamp:4)
  2 wolves (IceCv)
  5 orc wizards
  A briar patch (Swamp:1)
  A bush (Lair:4)
  6 fungi
  20 plants
41 creatures vanquished.

Grand Total: 1160 creatures vanquished

Notes
Turn   | Place    | Note
-------+----------+-------------------------------------------
     0 | D:1      | navillus the Gargoyle Fighter began the quest for the Orb.
     0 | D:1      | Reached XP level 1. HP: 14/14 MP: 1/1
   203 | D:1      | Reached XP level 2. HP: 19/19 MP: 2/2
   816 | D:2      | Reached XP level 3. HP: 23/23 MP: 3/3
  1353 | D:2      | Reached XP level 4. HP: 29/29 MP: 4/4
  1776 | D:3      | Found an opulent altar of Gozag.
  2013 | D:3      | Found a shattered altar of Ashenzari.
  2013 | D:3      | Found a shimmering altar of Xom.
  2352 | D:4      | Found a glowing drain.
  2375 | D:4      | Reached XP level 5. HP: 33/33 MP: 5/5
  2382 | Sewer    | Entered a sewer
  2617 | Sewer    | Noticed a big kobold
  2633 | Sewer    | Killed a big kobold
  2633 | Sewer    | Reached XP level 6. HP: 39/39 MP: 6/6
  2805 | Sewer    | Reached XP level 7. HP: 39/44 MP: 7/7
  2897 | D:4      | Found Ycza's Gadget Boutique.
  2956 | D:4      | Found a bloodstained altar of Trog.
  2979 | D:4      | Reached skill level 5 in Maces & Flails
  2994 | D:4      | HP: 1/44 [ogre/cursed +0 giant spiked club (21)]
  3099 | D:4      | Reached skill level 5 in Fighting
  3099 | D:4      | Reached skill level 5 in Armour
  3099 | D:4      | Reached skill level 5 in Shields
  3291 | D:4      | Reached XP level 8. HP: 23/49 MP: 8/8
  3423 | D:4      | Got a fine cloak
  3429 | D:4      | Identified the +1 cloak of the Camelopard {+Blink rElec
                  | Int-2} (You found it on level 4 of the Dungeon)
  4044 | D:5      | Entered Level 5 of the Dungeon
  4104 | D:5      | Noticed Pikel
  4125 | D:5      | Killed Pikel
  4215 | D:5      | Found Aluika Omela's Assorted Antiques.
  4225 | D:5      | Found Nepuocvy's Antique Armour Shop.
  4233 | D:5      | Bought a pair of gloves for 130 gold pieces
  4325 | D:5      | Noticed Menkaure
  4354 | D:5      | Killed Menkaure
  4383 | D:5      | Found Vifipt's Distillery.
  4423 | D:5      | Reached XP level 9. HP: 56/56 MP: 9/9
  4917 | D:6      | Found a staircase to the Ecumenical Temple.
  4926 | Temple   | Entered the Ecumenical Temple
  5012 | Temple   | Became a worshipper of Warmaster Okawaru
  5458 | D:6      | Found a radiant altar of Vehumet.
  5833 | D:7      | Found a bloodstained altar of Trog.
  5924 | D:7      | Reached * piety under Okawaru
  6323 | D:7      | Reached ** piety under Okawaru
  6323 | D:7      | Reached XP level 10. HP: 61/63 MP: 10/10
  6599 | D:8      | Found a sand-covered staircase.
  6607 | Ossuary  | Entered an ossuary
  6930 | D:8      | Found a white marble altar of Elyvilon.
  7036 | D:8      | Got a dazzling leather armour
  7047 | D:8      | Identified the cursed +1 leather armour of Loss {rCorr}
                  | (You found it on level 8 of the Dungeon)
  7096 | D:8      | Found a staircase to the Lair.
  7161 | D:8      | Found Sow Bocso's Armour Shop.
  7599 | D:9      | Found a glowing silver altar of Zin.
  7769 | D:9      | Found a snail-covered altar of Cheibriados.
  8193 | D:10     | Entered Level 10 of the Dungeon
  8302 | D:10     | Reached *** piety under Okawaru
  8500 | D:10     | Noticed a skeletal warrior
  8540 | D:10     | Killed a skeletal warrior
  8540 | D:10     | Reached skill level 10 in Maces & Flails
  8573 | D:10     | Noticed a skeletal warrior
  8668 | D:10     | Killed a skeletal warrior
  8690 | D:10     | Reached **** piety under Okawaru
  8701 | D:10     | Reached XP level 11. HP: 37/69 MP: 11/11
  8810 | D:10     | Noticed a skeletal warrior
  8847 | D:10     | Killed a skeletal warrior
  9014 | D:11     | Identified 3 scrolls of acquirement
  9173 | D:11     | Reached ***** piety under Okawaru
  9441 | D:11     | Found Siekeesk's Antique Weapon Emporium.
  9522 | D:11     | Noticed a two-headed ogre
  9540 | D:11     | Killed a two-headed ogre
  9590 | D:11     | Noticed Maurice
  9631 | D:11     | Killed Maurice
  9682 | D:11     | Noticed a manticore
  9728 | D:11     | Killed a manticore
  9985 | D:11     | Found Xehutoki's Assorted Antiques.
 10126 | D:5      | Bought a runed chain mail for 217 gold pieces
 10126 | D:5      | Bought a shiny shield for 217 gold pieces
 10233 | Lair:1   | Entered Level 1 of the Lair of Beasts
 10421 | Lair:1   | Received a gift from Okawaru
 10428 | Lair:1   | Reached XP level 12. HP: 39/77 MP: 12/12
 10439 | Lair:1   | Reached ****** piety under Okawaru
 10593 | Lair:1   | Reached skill level 10 in Fighting
 10692 | Lair:1   | Reached skill level 10 in Armour
 10692 | Lair:1   | Reached skill level 10 in Shields
 10949 | Lair:1   | Noticed a six-headed hydra
 10988 | Lair:1   | Killed a six-headed hydra
 11311 | Lair:2   | Noticed Gastronok
 11373 | Lair:2   | Killed Gastronok
 11454 | Lair:2   | Noticed Erica
 11479 | Lair:2   | Killed Erica
 11723 | Lair:2   | Found a staircase to the Swamp.
 12380 | Lair:3   | Found a hole to the Spider Nest.
 12560 | Lair:3   | Noticed Fannar
 12583 | Lair:3   | Killed Fannar
 12707 | Lair:3   | Received a gift from Okawaru
 12817 | Lair:3   | Reached XP level 13. HP: 84/84 MP: 13/13
 13575 | Lair:4   | Received a gift from Okawaru
 14271 | Lair:5   | Found a staircase to the Slime Pits.
 14308 | Lair:5   | Received a gift from Okawaru
 14559 | Lair:5   | Noticed an entropy weaver
 14563 | Lair:5   | Noticed an entropy weaver
 14657 | Lair:5   | Gained mutation: Your large and strong wings let you fly
                  | indefinitely. [Gargoyle growth]
 14657 | Lair:5   | Reached XP level 14. HP: 84/94 MP: 14/14
 14728 | Lair:5   | Killed an entropy weaver
 14757 | Lair:5   | Killed an entropy weaver
 15205 | Lair:6   | Entered Level 6 of the Lair of Beasts
 15425 | Lair:6   | Received a gift from Okawaru
 15561 | Lair:6   | Found an ornate altar of the Wu Jian Council.
 15788 | Lair:6   | Found a frozen archway.
 15804 | IceCv    | Entered an ice cave
 16142 | IceCv    | Noticed a white draconian
 16178 | IceCv    | Killed a white draconian
 16616 | IceCv    | Got a jewelled halberd
 16623 | IceCv    | Identified the +3 halberd of Defence {pain, +Rage rF-
                  | Str+7} (You found it in an ice cave)
 16789 | Lair:6   | Received a gift from Okawaru
 16806 | Lair:6   | Reached XP level 15. HP: 57/101 MP: 15/15
 16819 | Lair:6   | Got a slimy great mace {god gift}
 16820 | Lair:6   | Identified the +6 great mace of Dishonour {venom, Dex+2
                  | SInv} (Okawaru gifted it to you on level 6 of the Lair of
                  | Beasts)
 17658 | D:11     | Bought a runed fustibalus for 540 gold pieces
 17744 | D:12     | Found a staircase to the Orcish Mines.
 17892 | D:12     | You fall into a shaft and drop 1 floor!
 17897 | D:13     | Found a portal to a secret trove of treasure.
 17904 | D:13     | Found Kagretim's Food Boutique.
 17998 | D:13     | Reached skill level 1 in Slings
 18365 | D:13     | Received a gift from Okawaru
 18855 | D:12     | Noticed Kirke
 18873 | D:12     | Killed Kirke
 18873 | D:12     | Reached skill level 15 in Fighting
 18873 | D:12     | Reached skill level 15 in Armour
 18935 | D:12     | Reached skill level 15 in Shields
 19528 | D:14     | Received a gift from Okawaru
 20352 | D:14     | Found a gate to the Vaults.
 20583 | D:15     | Entered Level 15 of the Dungeon
 20813 | D:15     | Reached skill level 5 in Slings
 20898 | D:15     | Reached XP level 16. HP: 103/109 MP: 16/16
 21070 | D:15     | Found a staircase to the Depths.
 21431 | Swamp:1  | Entered Level 1 of the Swamp
 21489 | Swamp:1  | Received a gift from Okawaru
 21530 | Swamp:1  | Noticed a thorn hunter
 21560 | Swamp:1  | Killed a thorn hunter
 21563 | Swamp:1  | Received a gift from Okawaru
 21579 | Swamp:1  | Got a polished morningstar {god gift}
 21580 | Swamp:1  | Identified the +3 morningstar of Mandamus {protect, +Rage}
                  | (Okawaru gifted it to you on level 1 of the Swamp)
 22905 | Swamp:2  | Received a gift from Okawaru
 23792 | Swamp:3  | Noticed a thorn hunter
 23808 | Swamp:3  | Killed a thorn hunter
 24118 | Swamp:4  | Entered Level 4 of the Swamp
 24187 | Swamp:4  | Received a gift from Okawaru
 24190 | Swamp:4  | Got a translucent eveningstar {god gift}
 24191 | Swamp:4  | Identified the +8 eveningstar of the Puffball {pain, rC+}
                  | (Okawaru gifted it to you on level 4 of the Swamp)
 24239 | Swamp:3  | Reached XP level 17. HP: 59/116 MP: 17/17
 24625 | Swamp:4  | Received a gift from Okawaru
 25445 | Swamp:4  | Got a decaying rune of Zot
 25737 | Spider:1 | Entered Level 1 of the Spider Nest
 26341 | Spider:1 | Got a pair of bloodstained gloves
 26352 | Spider:1 | Identified the -6 pair of gloves of Pride {*Slow Str+4
                  | Int+2} (You found it on level 1 of the Spider Nest)
 26993 | Spider:2 | HP: 5/118 [emperor scorpion (2)]
 27267 | Spider:2 | Received a gift from Okawaru
 27852 | Spider:2 | Reached XP level 18. HP: 84/124 MP: 18/18
 28194 | Spider:3 | Identified Roxanne's Compendium of Clay
 28194 | Spider:3 | Noticed Roxanne
 28705 | Spider:4 | Entered Level 4 of the Spider Nest
 28843 | Spider:4 | Reached skill level 10 in Slings
 29523 | Spider:4 | Received a gift from Okawaru
 29577 | Spider:4 | Found a runed translucent gate.
 29578 | Spider:4 | Found a runed translucent gate.
 29579 | Spider:4 | Found a runed translucent gate.
 29579 | Spider:4 | Noticed Thargor's ghost (adept GnFE)
 30968 | Spider:4 | Got a gossamer rune of Zot
 31341 | Spider:3 | Killed Roxanne
 31736 | Spider:4 | Received a gift from Okawaru
 31781 | Spider:4 | Killed from afar by Thargor's ghost

Levels and vault maps discovered:
D:1:      minmay_arrival_doors, layout_basic
D:2:      layout_basic
D:3:      layout_loops_ring, gammafunk_temple_overflow_wave, first_ration,
          nicolae_gozag_cash_rules_everything_around_me
D:4:      layout_layer_cave, cheibrodos_sewer_entry_bend, serial_shops, shop,
          minmay_ruined_shrine
D:5:      layout_basic, serial_shops, nicolae_shop_overgrown_old_shop, shop,
          nicolae_shop_behind_doors, st_stairs_13, uniq_menkaure, uniq_pikel,
          uniq_edmund
D:6:      layout_loops_ring, minmay_temple_entry_gardened_gates,
          vehumet_altar_wand_db
D:7:      layout_basic, lemuel_crystal_altar, serial_bayou_pond_d
D:8:      layout_rooms, elyvilon_altar_4, dpeg_oklobed_lair, serial_shops, shop,
          nicolae_ossuary_entry_plus, blue_anna_alchemist
          [blue_anna_fruit_fields, blue_anna_fruit_fields]
D:9:      layout_basic, kennysheep_mini, cheibriados_altar_1,
          chequers_serial_rivers_large_a, minivault_5
D:10:     layout_rooms
D:11:     layout_roguey, serial_shops, shop, shop, uniq_maurice
D:12:     minmay_connected_triangles_in_corner, layout_basic, hiddenorc2_lemuel,
          uniq_kirke
D:13:     layout_stronghold, serial_shops, shop, enter_trove_0
D:14:     cheibrodos_orc_bank, layout_irregular_city, david_vaults_5
D:15:     grunt_enter_depths_snipers, layout_gridville, minivault_27
Temple:   eino_temple_rhombus
Lair:1:   layout_long_grid, grunt_megastairs_5
Lair:2:   layout_loops_ring, skrybe_swamp_entry_bodies, minmay_holes,
          st_stairs_13, serial_bayou_lagoon_b, lemuel_fruit_tree,
          uniq_gastronok, uniq_erica
Lair:3:   pond_and_an_island_with_a_cottage, layout_chaotic_city,
          nicolae_spider_entry_tight_spaces, worms_lemuel, serial_bayou_shore_b,
          uniq_fannar
Lair:4:   layout_loops_ring
Lair:5:   layout_concentric_octagons, minmay_slime_entry_pillars,
          fungi_pond_lemuel, minivault_29
Lair:6:   grunt_lair_end_beastmaster, layout_cave_pods, basic_altar,
          portal_ice_cave_entry_pillars_1
Swamp:1:  layout_falls_marsh, evilmike_swamp_ruin_rubble_1, swamp_pool1,
          nicolae_swamp_treefoil
Swamp:2:  layout_falls_marsh, evilmike_swamp_ruin_house_4, swamp_pool4
Swamp:3:  layout_basic_swamp, nicolae_swamp_round_clearing
Swamp:4:  swamp_basic_johnstein, layout_basic_swamp, swamp_pool1
Spider:1: layout_spider_delve
Spider:2: layout_spider_delve
Spider:3: layout_spider_delve, uniq_roxanne
Spider:4: grunt_spider_rune_circles, gammafunk_ghost_split

Skill      XL: |  1  2  3  4  5  6  7  8  9 10 11 12 13 14 15 16 17 18 |
---------------+-------------------------------------------------------+-----
Maces & Flails | 3 4 5 7 9 10 11 12 13 14 | 14.7
Shields        | 4 5 6 7 8 9 11 13 14 15 | 15.0
Fighting       | 4 5 6 7 8 9 11 13 14 15 16 17 18 | 18.1
Armour         | 4 5 6 7 8 9 11 13 14 15 16 17 18 | 18.1
Slings         | 5 7 9 10 | 10.9

Action                   |  1- 3 |  4- 6 |  7- 9 | 10-12 | 13-15 | 16-18 || total
-------------------------+-------+-------+-------+-------+-------+-------++-------
Melee: Flail             |   120 |   213 |   502 |       |       |       ||   835
       Whip              |       |       |       |  1497 |       |       ||  1497
       Demon whip        |       |       |       |    16 |  1585 |   603 ||  2204
       Eveningstar       |       |       |       |       |       |  1254 ||  1254
 Fire: Fustibalus        |       |       |       |       |     3 |    50 ||    53
 Abil: Evoke Flight      |       |     1 |       |       |       |       ||     1
       Fly               |       |       |       |       |     2 |     1 ||     3
       Stop Flying       |       |       |       |       |     2 |     1 ||     3
  Use: Scroll            |       |     3 |    10 |    13 |     8 |    11 ||    45
       Potion            |       |       |     1 |     1 |       |    23 ||    25
  Eat: Chunk             |     2 |     5 |     9 |    19 |    83 |    54 ||   172
       Ration            |       |       |     1 |     1 |     1 |       ||     3
Armor: Scale mail        |    18 |       |       |       |       |       ||    18
       Troll leather arm |    31 |    90 |   252 |       |       |       ||   373
       Plate armour      |       |       |       |   370 |       |       ||   370
       Chain mail        |       |       |       |   339 |   584 |  1894 ||  2817
       Skin              |       |       |       |       |       |     1 ||     1
Dodge: Dodged            |    37 |    60 |   164 |   222 |   214 |   693 ||  1390
Block: Shield            |    48 |    83 |   240 |   717 |   729 |  1917 ||  3734

Table legend:
 A = Non-vault XP
 B = Vault XP
 C = Vault XP percentage of total XP
 D = Non-vault monster count
 E = Vault monster count
 F = Vault count percentage of total count
                 A         B        C        D         E       F
            +---------+---------+-------+---------+---------+-------
      Total |  205803 |  100006 |  32.7 |     772 |     351 |  31.3
            +---------+---------+-------+---------+---------+-------
        D:1 |      27 |       0 |   0.0 |      14 |       0 |   0.0
        D:2 |      60 |       0 |   0.0 |      14 |       0 |   0.0
        D:3 |      75 |       0 |   0.0 |      18 |       0 |   0.0
        D:4 |     472 |     193 |  29.0 |      24 |       7 |  22.6
        D:5 |     398 |     838 |  67.8 |      12 |       2 |  14.3
        D:6 |     611 |       1 |   0.2 |      17 |       1 |   5.6
        D:7 |    1570 |       0 |   0.0 |      29 |       0 |   0.0
        D:8 |     566 |     100 |  15.0 |       9 |       1 |  10.0
        D:9 |     621 |       0 |   0.0 |      13 |       0 |   0.0
       D:10 |    4068 |       0 |   0.0 |      28 |       0 |   0.0
       D:11 |    5735 |     445 |   7.2 |      34 |       1 |   2.9
       D:12 |    6313 |    2929 |  31.7 |      28 |      36 |  56.2
       D:13 |    3866 |       0 |   0.0 |      14 |       0 |   0.0
       D:14 |   15655 |    2558 |  14.0 |      39 |      26 |  40.0
       D:15 |    6090 |    2302 |  27.4 |      26 |       3 |  10.3
     Lair:1 |    2463 |    1787 |  42.0 |      11 |       9 |  45.0
     Lair:2 |    3474 |    3834 |  52.5 |      17 |       5 |  22.7
     Lair:3 |    3384 |    3858 |  53.3 |      17 |      15 |  46.9
     Lair:4 |   11892 |       0 |   0.0 |      34 |       0 |   0.0
     Lair:5 |    8765 |    8467 |  49.1 |      34 |      49 |  59.0
     Lair:6 |    9951 |    8911 |  47.2 |      38 |      17 |  30.9
    Swamp:1 |   17411 |       0 |   0.0 |      39 |       0 |   0.0
    Swamp:2 |   16921 |       0 |   0.0 |      37 |       0 |   0.0
    Swamp:3 |    7340 |    2225 |  23.3 |      18 |       3 |  14.3
    Swamp:4 |    8803 |   19336 |  68.7 |      20 |      31 |  60.8
   Spider:1 |   14516 |       0 |   0.0 |      38 |       0 |   0.0
   Spider:2 |   27196 |       0 |   0.0 |      77 |       0 |   0.0
   Spider:3 |   13537 |    1985 |  12.8 |      37 |       1 |   2.6
   Spider:4 |   14023 |   29146 |  67.5 |      36 |      45 |  55.6
      Sewer |       0 |     469 | 100.0 |       0 |      20 | 100.0
    Ossuary |       0 |     557 | 100.0 |       0 |      39 | 100.0
      IceCv |       0 |   10065 | 100.0 |       0 |      40 | 100.0
            +---------+---------+-------+---------+---------+-------
